 Dungeon Crawl Stone Soup version 0.30-a0-867-g305f33218d (webtiles) character file.

Game seed: 14447856518882456158

5407 bobo the Magician (level 10, -5/74 HPs)
             Began as a Human Fire Elementalist on Mar 10, 2023.
             Was a Follower of Vehumet.
             Slain by a wyvern (18 damage)
             ... on level 9 of the Dungeon on Mar 11, 2023.
             The game lasted 00:49:56 (13579 turns).

bobo the Magician (Human Fire Elementalist)        Turns: 13579, Time: 00:49:56

Health: -5/74      AC:  2    Str:  9    XL:     10   Next: 99%
Magic:  10/20      EV: 12    Int: 19    God:    Vehumet [*.....]
Gold:   153        SH:  0    Dex: 14    Spells: 0/22 levels left

rFire   + . .      SeeInvis +    q - +0 shortbow (freeze)
rCold   x . .      Faith    .    (shield currently unavailable)
rNeg    . . .      Spirit   .    a - +0 robe
rPois   .          Reflect  .    (no helmet)
rElec   .          Rampage  .    k - scarf {shadows}
rCorr   .                        (no gloves)
Will    .....                    (no boots)
Stlth   +++                      (no amulet)
HPRegen 0.32/turn                h - ring of see invisible
MPRegen 0.17/turn                m - ring of fire

@: about to teleport, very slightly contaminated
A: no striking features
a: Renounce Religion


You were on level 9 of the Dungeon.
You worshipped Vehumet.
Vehumet was aware of your devotion.
You visited 2 branches of the dungeon, and saw 10 of its levels.
You also visited: Sewer.

You collected 661 gold pieces.
You spent 508 gold pieces at shops.

Inventory:

Hand Weapons
 b - the +8 morningstar of the Beast {freeze, rF+ Int+2 Dex+4}
   (You took it off an orc priest on level 6 of the Dungeon)

   Int:       It affects your intelligence (+2).
   Dex:       It affects your dexterity (+4).
   rF:        It protects you from fire.
 q - a +0 shortbow of freezing (weapon)
Missiles
 l - 2 throwing nets
Armour
 a - a +0 robe (worn)
 k - a scarf of shadows (worn)
Jewellery
 e - a ring of positive energy
 h - a ring of see invisible (left hand)
 j - a +6 ring of strength
 m - a ring of fire (right hand)
Wands
 w - a wand of iceblast (12)
Scrolls
 c - 2 scrolls of teleportation
 f - a scroll of enchant armour
 p - 9 scrolls of identify
 r - 2 scrolls of amnesia
Potions
 d - 3 potions of curing
 g - 2 potions of resistance
 i - a potion of brilliance
 o - a potion of heal wounds {unknown}
 t - 2 potions of mutation {unknown}
 v - a potion of attraction {unknown}


   Skills:
 + Level 5.4 Fighting
 + Level 5.4 Ranged Weapons
 - Level 2.0 Dodging
 - Level 5.0 Stealth
 + Level 6.8 Spellcasting
 - Level 6.1 Conjurations
 + Level 5.1 Hexes
 + Level 3.0 Translocations
 - Level 4.1 Fire Magic
 - Level 3.2 Air Magic
 - Level 3.0 Poison Magic


You couldn't memorise any spells.
You knew the following spells:

 Your Spells              Type           Power      Damage    Failure   Level
a - Foxfire               Conj/Fire      100%       2x1d9     1%          1
c - Mephitic Cloud        Conj/Pois/Air  22%        N/A       5%          3
e - Inner Flame           Hex/Fire       36%        N/A       4%          3
q - Blink                 Tloc           36%        N/A       4%          2
s - Scorch                Fire           66%        2d8       2%          2
w - Flame Wave            Conj/Fire      39%        2d11      12%         4
x - Leda's Liquefaction   Hex/Erth       8%         N/A       34%         4
z - Portal Projectile     Hex/Tloc       44%        N/A       5%          3

Your spell library contained the following spells:

 Spells                   Type           Power      Damage    Failure   Level
 Freeze                   Ice            24%        1d4       11%         1
 Magic Dart               Conj           100%       1d8       1%          1
 Static Discharge         Conj/Air       48%        2-4/arc   2%          2
 Kiss of Death            Conj/Necr      72%        2d10      3%          1
 Confusing Touch          Hex            26%        N/A       3%          3
 Dazzling Flash           Conj/Hex       56%        N/A       3%          3
 Kindle Blastsparks       Fire/Tloc/Air  58%        2d14      8%          3
 Vhi's Electric Charge    Tloc/Air       36%        N/A       9%          3
 Call Imp                 Summ           6%         N/A       16%         2
 Iskenderun's Mystic Bla  Conj/Tloc      24%        2d7       16%         4
 Manifold Assault         Tloc           18%        N/A       28%         4
 Call Canine Familiar     Summ           6%         N/A       30%         3
 Arcjolt                  Conj/Air       12%        1d22      38%         5
 Lightning Bolt           Conj/Air       12%        1d25      38%         5
 Dispel Undead            Necr           6%         3d8       71%         4
 Starburst                Conj/Fire      19%        6d7       88%         6
 Storm Form               Tmut/Air       6%         N/A       100%        7


Dungeon Overview and Level Annotations

Branches:
Dungeon (9/15)             Temple (1/1) D:6            Lair (0/5) D:9
  Sewer (visited)
    Orc: D:9-12

Altars:
Ashenzari
Dithmenos
Gozag
Kikubaaqudgha
Nemelex Xobeh
Okawaru
Ru
Trog
Vehumet
Xom
Yredelemnul
Zin
The Shining One

Shops:
D:1 *(:   D:2 :   D:6 ?   D:7 (


Message History

You feel a surge of power!
You conjure some foxfire!
The foxfire hits the vampire but does no damage.
The vampire is heavily damaged.
You shoot an arrow.
The arrow hits the vampire but does no damage.
The vampire is heavily damaged.
The foxfire hits the vampire but does no damage.
The vampire is heavily damaged.
Casting: Foxfire (safe; 1% risk of failure)
Confirm with . or Enter, or press ? or * to list all spells.
You feel a surge of power!
Flames lash the vampire but do no damage.
The vampire is no longer more vulnerable to fire.
The vampire hits you! The vampire bites you!
The vampire draws strength from your injuries!
Casting: Scorch (safe; 2% risk of failure)
Confirm with . or Enter, or press ? or * to list all spells.
Casting: Flame Wave (dangerous; 12% risk of failure)
Press: ? - help, Dir - look around, f - activate You feel a surge of power!
You miscast Flame Wave.
You are very lightly contaminated with residual magic.
You feel a strange surge of energy! The vampire hits you!
* * * LOW HITPOINT WARNING * * *
The vampire bites you!
* * * LOW HITPOINT WARNING * * *
The vampire draws strength from your injuries!
You feel better.
The vampire mumbles some strange words.
The vampire flickers and vanishes for a moment.
The wyvern bites you!
* * * LOW HITPOINT WARNING * * *
As you read the scroll of teleportation, it crumbles to dust.
You feel strangely unstable. The wyvern misses you.
The vampire hits you but does no damage.
The vampire misses you. The wyvern closely misses you.
You feel better. The vampire closely misses you. The vampire bites you.
* * * LOW HITPOINT WARNING * * *
The vampire draws strength from your injuries!
The wyvern bites you!!
You die...

#...# ####### #...# #.....#
#...# #.....###### #...#
#..<........
#...#########...........
#.......................
########..........#'###'#......
.............l....#.....#.<....
............>V@...#.≈≈≈.#..####
.............#'#'##.....#..#...
.............#....'.._..'..#...
######.......#....#.....#..#...
#.......#....#.≈≈≈.#..##'#
#.......#....#.....#......
#.......#....#'###'#......
#.......####....#.........
#..........######.........


You could see a vampire (invisible) and a wyvern.

Vanquished Creatures
  Pikel (D:4)
  Sigmund (D:6)
  5 yaks (D:9)
  2 water moccasins
  4 ice beasts
  An orc warrior (D:9)
  4 black bears
  An ogre (D:6)
  The ghost of luigi the Shooter, an amateur DsHu of Qazlal (D:3)
  2 phantoms (D:7)
  3 centaurs
  4 lemures (D:4)
  6 bullfrogs
  A gnoll sergeant (D:8)
  11 scorpions
  4 wights (D:6)
  6 killer bees (D:6)
  A howler monkey (D:6)
  A quasit (D:7)
  3 hounds
  Crazy Yiuf (D:6)
  3 jellies
  2 gnoll boudas
  3 orc priests
  3 iguanas
  2 sleepcaps
  An orc wizard (D:8)
  22 gnolls
  2 river rats
  5 adders
  2 shadow imps
  5 white imps
  An adder zombie (D:3)
  4 worms
  11 orcs
  3 bats
  6 endoplasms
  2 giant cockroaches
  8 goblins
  A hobgoblin (D:3)
  7 jackals
  2 quokkas
  8 ball pythons
  2 frilled lizards
  A jackal zombie (D:3)
  7 kobolds
  13 rats
189 creatures vanquished.

Vanquished Creatures (others)
  3 demonic plants (D:7)
  403 foxfires
  3 fungi (D:9)
  3 plants (D:9)
412 creatures vanquished.

Grand Total: 601 creatures vanquished

Notes
Turn   | Place    | Note
-------+----------+-------------------------------------------
     0 | D:1      | bobo the Human Fire Elementalist began the quest for the
                  | Orb.
     0 | D:1      | Reached XP level 1. HP: 13/13 MP: 3/3
   345 | D:1      | Reached XP level 2. HP: 19/19 MP: 1/5
   348 | D:1      | Learned a level 2 spell: Scorch
   409 | D:1      | Found Kapny's General Store.
   429 | D:1      | Bought a scroll of teleportation for 33 gold pieces
   641 | D:1      | Found Omurou Qefu's Weapon Boutique.
   681 | D:1      | Found Zitasi Gylu's Book Boutique.
  1246 | D:2      | Reached XP level 3. HP: 24/24 MP: 4/6
  1250 | D:2      | Learned a level 3 spell: Inner Flame
  1699 | D:2      | Found Elaacyka's Book Shop.
  2541 | D:3      | Reached XP level 4. HP: 30/30 MP: 0/7
  2830 | D:3      | Found an iron altar of Okawaru.
  2866 | D:3      | Reached XP level 5. HP: 35/35 MP: 2/9
  3302 | D:3      | Found a runed translucent gate.
  3302 | D:3      | Found a runed translucent gate.
  3302 | D:3      | Found a runed translucent gate.
  3302 | D:3      | Noticed luigi's ghost (amateur DsHu)
  3304 | D:3      | Found a basalt altar of Yredelemnul.
  3716 | D:3      | Learned a level 3 spell: Mephitic Cloud
  3883 | D:4      | Reached XP level 6. HP: 41/41 MP: 5/10
  4454 | D:4      | Noticed Pikel
  4920 | D:4      | Noticed a black bear
  4992 | D:4      | Killed a black bear
  4993 | D:4      | Reached skill level 1 in Air Magic
  4993 | D:4      | Reached skill level 1 in Poison Magic
  4993 | D:4      | Reached XP level 7. HP: 46/46 MP: 1/12
  5285 | D:5      | Entered Level 5 of the Dungeon
  5762 | D:5      | Noticed a water moccasin
  5871 | D:5      | Found a broken altar of Ashenzari.
  6295 | D:5      | Reached XP level 8. HP: 52/52 MP: 10/14
  6978 | D:5      | Reached skill level 5 in Stealth
  7510 | D:6      | Found a glowing drain.
  7527 | D:6      | Learned a level 4 spell: Flame Wave
  7528 | Sewer    | Entered a sewer
  7634 | D:6      | Reached skill level 1 in Fighting
  7634 | D:6      | Reached skill level 1 in Hexes
  7847 | D:6      | Reached skill level 1 in Ranged Weapons
  8221 | D:4      | Killed Pikel
  8222 | D:4      | Reached skill level 5 in Spellcasting
  8222 | D:4      | Reached skill level 5 in Conjurations
  8222 | D:4      | Reached XP level 9. HP: 51/62 MP: 7/16
  8363 | D:3      | Killed luigi's ghost
  8553 | D:6      | Found a staircase to the Ecumenical Temple.
  8559 | D:6      | Identified the +3 mace of Bile {holy, Int+2}
  8564 | Temple   | Entered the Ecumenical Temple
  8603 | Temple   | Became a worshipper of Vehumet
  8882 | D:6      | Noticed Sigmund
  8892 | D:6      | Killed Sigmund
  9055 | D:6      | Reached XP level 10. HP: 52/71 MP: 3/18
  9240 | D:6      | Identified the +8 morningstar of the Beast {freeze, rF+
                  | Int+2 Dex+4}
  9298 | D:6      | Learned a level 5 spell: Lightning Bolt
  9662 | D:6      | Found Rekhlim's Magic Scroll Shoppe.
  9706 | D:6      | Bought a scroll of enchant armour for 97 gold pieces
  9706 | D:6      | Bought a scroll of identify for 26 gold pieces
  9876 | D:6      | Found a runed translucent door.
  9877 | D:6      | Noticed Crazy Yiuf
  9883 | D:6      | Killed Crazy Yiuf
  9932 | D:7      | Learned a level 3 spell: Portal Projectile
 10129 | D:7      | Reached skill level 1 in Translocations
 10236 | D:7      | Found Risoal's Weapon Boutique.
 10715 | D:7      | Reached * piety under Vehumet
 10715 | D:7      | Offered knowledge of Freeze by Vehumet.
 11258 | D:8      | Found a sparkling altar of Nemelex Xobeh.
 11783 | D:8      | Learned a level 4 spell: Leda's Liquefaction
 11998 | D:9      | Found a sacrificial altar of Ru.
 12607 | D:2      | Bought an Inescapable Atlas for 352 gold pieces
 12610 | D:2      | Learned a level 2 spell: Blink
 12884 | D:9      | Reached skill level 5 in Fighting
 12884 | D:9      | Reached skill level 5 in Ranged Weapons
 13094 | D:9      | Found a staircase to the Lair.
 13293 | D:9      | Reached skill level 5 in Hexes
 13579 | D:9      | Slain by a wyvern

Illustrated notes

Levels and vault maps discovered:
D:1:      amcnicky_arrival_blooded_trapdoor, layout_basic, serial_shops,
          shop_coins, nicolae_shop_bloodbath_and_beyond, shop,
          chequers_arboretum
D:2:      layout_basic, serial_shops, nicolae_shop_hallway_plus
D:3:      layout_basic, nicolae_yredelemnul_ghost_church,
          mainiacjoe_overflow_cross_hatched
D:4:      layout_basic, minmay_unequal, uniq_pikel
D:5:      layout_cave_pods, nicolae_ashenzari_panopticon
D:6:      minmay_bubble_buster, layout_loops_ring, minmay_temple_entry_tees,
          gup_sewer_entry_bubbles, grunt_decor_clamped,
          corexii_item_surrounded_by_moat, nicolae_inconvenience_store,
          grunt_decor_junction, uniq_crazy_yiuf_cottage, uniq_sigmund
D:7:      layout_loops_ring, serial_demonic, serial_demonic_a, serial_demonic_d,
          serial_demonic_g, serial_demonic_b, serial_shops,
          nicolae_shop_advertising_works [nicolae_subvault_shop_adworks]
D:8:      layout_basic, kennysheep_little_box
D:9:      layout_irregular_city, mainiacjoe_overflow_six_doors_small,
          grunt_lair_entry_orc_guard_hut, minmay_misc_feat_encased
Temple:   eino_temple_scatter_basement

Skill      XL: |  1  2  3  4  5  6  7  8  9 10 |
---------------+-------------------------------+-----
Conjurations   | 2 3 5 6 |  6.1
Stealth        | 3 4 5 |  5.0
Spellcasting   | 3 4 5 6 |  6.8
Fire Magic     | 4 |  4.1
Air Magic      | 1 2 3 |  3.2
Poison Magic   | 1 2 3 |  3.0
Fighting       | 2 3 5 |  5.4
Hexes          | 2 3 5 |  5.1
Ranged Weapons | 2 3 5 |  5.4
Translocations | 3 |  3.0
Dodging        | |  2.0

Action                     |  1- 3 |  4- 6 |  7- 9 | 10-12 || total
---------------------------+-------+-------+-------+-------++-------
  Melee: Unarmed           |     8 |       |       |       ||     8
         Dagger            |     1 |     8 |    10 |       ||    19
         Short sword       |       |     1 |       |       ||     1
         Morningstar       |       |       |       |     1 ||     1
   Fire: Shortbow          |       |       |    35 |   107 ||   142
   Cast: Foxfire           |    44 |    60 |    78 |    48 ||   230
         Scorch            |     8 |    35 |    61 |    36 ||   140
         Inner Flame       |       |     2 |     4 |     9 ||    15
         Mephitic Cloud    |       |     1 |     4 |     4 ||     9
         Flame Wave        |       |       |     5 |     1 ||     6
         Portal Projectile |       |       |       |     6 ||     6
         Blink             |       |       |       |     1 ||     1
    Use: Scroll            |     3 |     2 |     7 |     8 ||    20
         Potion            |       |       |     2 |     5 ||     7
   Stab: Sleeping          |       |       |     1 |       ||     1
 Armour: Robe              |     2 |     5 |    14 |     9 ||    30
  Dodge: Dodged            |    11 |    18 |    78 |    46 ||   153

Table legend: (Time is in decaauts)
 A = Elapsed time spent in this place.
 B = Non-inter-level travel time spent in this place.
 C = Inter-level travel time spent in this place.
 D = Time resting spent in this place.
 E = Time spent auto-exploring this place.
 F = Levels seen in this place.
 G = Mean time per level.
                   A        B        C        D        E       F      G
               +--------+--------+--------+--------+--------+-----+--------+
         Total |  13669 |  12630 |   1039 |   2152 |   7991 |  11 | 1242.6 |
       Dungeon |  13510 |  12483 |   1027 |   2137 |   7928 |   9 | 1501.1 |
        Temple |     52 |     40 |     12 |      0 |     25 |   1 |   52.0 |
         Sewer |    106 |    106 |      0 |     15 |     38 |   1 |  106.0 |
               +--------+--------+--------+--------+--------+-----+--------+

Top non-repeatable levels by time:
     D:5: 2109 daAuts
     D:6: 2073 daAuts
     D:3: 1803 daAuts
     D:4: 1596 daAuts
     D:2: 1330 daAuts
     D:7: 1279 daAuts
     D:9: 1247 daAuts
     D:1: 1180 daAuts
     D:8: 890 daAuts
   Sewer: 106 daAuts
  Temple: 52 daAuts
